AoeStats
← ssz

Arabia

509837618Analyzed
1v1 RM · 3d ago on Sep 28, 2026· 38m 39s· 2 players
Game mode
Random Map
Map size
Tiny (2 player)
Population
200
Speed
Normal
Resources
Standard
Victory
Conquest
Starting age
Dark Age
Ending age
Imperial Age
RankedLock teamsTeams togetherTeam positionsShared explorationLock speedFull tech treeHidden civsTurbo modeCheats
Victory
Defeat
🇹🇷 Koreans · Türkiye
1576
+16
🇩🇰 Malians · Denmark
1575
-16
VES Valdy
6:52 Loom
8:58 Feudal Age
9:24 Man-at-Arms
15:44 Double-Bit Axe
16:01 Horse Collar
21:05 Castle Age
21:16 Scale Mail Armor
21:10 Fletching
21:19 Long Swordsman
21:46 Crossbowman
23:46 Bodkin Arrow
26:33 Chain Mail Armor
31:28 Heavy Plow
31:41 Bow Saw
33:35 Wheelbarrow
32:45 Town Watch
34:47 Scale Barding Armor
38:20 Imperial Age
37:04 Chain Barding Armor
36:28 Light Cavalry
37:18 Bloodlines
ssz
7:08 Loom
9:25 Feudal Age
9:53 Double-Bit Axe
16:25 Fletching
22:15 Castle Age
22:19 Crossbowman
23:22 Bow Saw
23:08 Gold Mining
23:35 Bodkin Arrow
34:40 Imperial Age
32:38 Stone Mining
33:41 Ballistics
35:08 Arbalester
35:58 Bracer
38:22 Chemistry
Connection lost

Rejoining the realm…

Still unreachable

The connection could not be restored.

Session expired

The server has moved on; the page needs a fresh start.